 Dungeon Crawl Stone Soup version 0.18.1-8-gdd0e5ea (webtiles) character file.

34 Hercules the Shield-Bearer (level 3, 0/33 HPs)
             Began as a Demigod Fighter on May 25, 2016.
             Slain by a goblin
             ... wielding a +0 club
             ... led by Robin
              (7 damage)
             ... on level 3 of the Dungeon.
             The game lasted 00:03:07 (1744 turns).

Hercules the Shield-Bearer (Demigod Fighter)        Turns: 1744, Time: 00:03:08

Health: 0/33       AC:  6    Str: 19    XL:     3   Next: 1%
Magic:  5/5        EV:  9    Int: 12    God:
Gold:   107        SH:  0    Dex: 17    Spells: 0 memorised, 2 levels left

rFire  + . .     SeeInvis .     a - +0 long sword
rCold  . . .     Gourm    .     b - +0 scale mail
rNeg   . . .     Faith    .     (no shield)
rPois  .         Spirit   .     (no helmet)
rElec  .         Dismiss  .     (no cloak)
rCorr  +         Reflect  .     (no gloves)
SustAt +         Harm     .     (no boots)
MR     +....                    (no amulet)
Stlth  ..........               (no ring)
                                h - ring of resist corrosion

@: somewhat resistant to hostile enchantments, extremely unstealthy
A: fire resistance 1, high mp 1, magic resistance 1, robust 1, sustain
attributes
a: no special abilities


You were on level 3 of the Dungeon.
You were not hungry.

You visited 1 branch of the dungeon, and saw 3 of its levels.

You collected 107 gold pieces.

Inventory:

Hand Weapons
 a - a +0 long sword (weapon)
Armour
 b - a +0 scale mail (worn)
 c - a +0 shield
 g - a +0 large shield
Jewellery
 h - a ring of resist corrosion (left hand)
Wands
 k - a wand of flame (30/48)
Potions
 d - a potion of might
 e - a potion of resistance {unknown}
 i - 3 potions of ambrosia
 j - a potion of curing {unknown}
 l - a potion of heal wounds {unknown}
Comestibles
 f - a bread ration


   Skills:
 - Level 2.6 Fighting
 + Level 3.0 Long Blades
 - Level 2.6 Armour
 - Level 3.0 Shields


You had 2 spell levels left.
You didn't know any spells.

Dungeon Overview and Level Annotations

Branches:
Dungeon (3/15)

Annotations:
D:3 Robin


Innate Abilities, Weirdness & Mutations

You have an increased reservoir of magic (+10% MP).
Your attributes are resistant to harm.
Your flesh is heat resistant.
You are resistant to hostile enchantments.
You are robust (+10% HP).


Message History

You barely miss the goblin. The goblin closely misses you. The goblin hits you.
The goblin hits you but does no damage. x2; The goblin closely misses you.
The goblin hits you but does no damage.
You slash the goblin!
You kill the goblin!
Your Long Blades skill increases to level 3!
You have reached level 3!
Your experience leads to an increase in your attributes!
Increase (S)trength, (I)ntelligence, or (D)exterity?
You feel agile. x2
The goblin closely misses you. The goblin hits you with a dagger.
The goblin hits you but does no damage. x2
You hit the goblin but do no damage. The goblin closely misses you.
The goblin hits you but does no damage. The goblin closely misses you.
The goblin hits you with a club.
Unknown command.
You closely miss the goblin. The goblin hits you with a club.
* * * LOW HITPOINT WARNING * * *
The goblin barely misses you. x2; The goblin hits you with a club!
You die...

# #...#.#.##......#.#*,#***,,,,*,
# #...#.#.##......#.#*.###*,,,,*,
# #...#.#.##......#.##....,,,,,*,
# #...#....'..............,,,,,,,
####......##..............,,,***,
.........########.........,,,* *,
####.#................#.##**,* *,
#.#....###.gggg....#,,*,,,***,
**#.#.....[...#@##+###*,*,*,,,,,
*,..##+#<.....#g#*,,,,,,,,*,,,,,
*,..**+*###..<#gg,,,,,,*,,,,,,,,
*,,,,,,,,....,ggg.,,,,,*,,,,**,,
***,,,,,*###,,.....,,,,*,,,,**,,
*,,,,,****,.....##**,,,,*,,,,,
*,,,,,,,**,>....#*,,,,,,,,,,,,
*,,,,,,,**......#*,,,,,,,,,,,,
*,,,,,,,*****+,,,,,,,,,,,***,,


You could see Robin, 3 hobgoblins and 6 goblins.

Vanquished Creatures
  A worm (D:2)
  A giant cockroach (D:1)
  5 goblins
  8 hobgoblins
  A quokka (D:3)
  A ball python (D:2)
  3 bats
  3 giant newts
  3 kobolds (D:1)
  5 rats
31 creatures vanquished.

Notes
Turn   | Place    | Note
--------------------------------------------------------------
     0 | D:1      | Hercules the Demigod Fighter began the quest for the Orb.
     0 | D:1      | Reached XP level 1. HP: 18/18 MP: 3/3
   409 | D:1      | Reached XP level 2. HP: 25/25 MP: 4/4
   831 | D:2      | Gained mutation: You are robust (+10% HP). [potion of mutation]
   831 | D:2      | Gained mutation: You are resistant to hostile enchantments. [potion of mutation]
   831 | D:2      | Gained mutation: Your flesh is heat resistant. [potion of mutation]
  1115 | D:2      | Found a shattered altar of Ashenzari.
  1124 | D:2      | Found a shadowy altar of Dithmenos.
  1730 | D:3      | Noticed Robin
  1742 | D:3      | Reached XP level 3. HP: 13/33 MP: 5/5
  1744 | D:3      | Slain by a goblin

Skill      XL: |  1  2 |
---------------+-------+-----
Long Blades    | 2 3 |  3.0
Shields        | 3 |  3.0
Fighting       | |  2.6
Armour         | |  2.6

Action                   || total
-------------------------++-------
Melee: Long sword        ||    94
  Use: Potion            ||     2
       Scroll            ||     5
  Eat: Chunk             ||     3
Armor: Scale mail        ||    50
Dodge: Dodged            ||    63
